PCL
VANCOUVER VIPERS @ DISTRICT 9 PRAWNS
09/17/2023
 
TOP OF THE 1ST
Vancouver Vipers batting - Pitching for District 9 Prawns : RHP Víctor Ventura
Pitching: RHP Víctor Ventura
Batting: RHB Guillermo Sánchez 0-0: Foul Ball, location: 2F
0-1: Ball
1-1: Swinging Strike
1-2: Ball
2-2: Strikes out swinging
Batting: LHB Cipriano Miranda 0-0: Called Strike
0-1: Ball
1-1: Fly out, F3 (Line Drive, 34)
Batting: RHB Dan Tyler 0-0: Ball
1-0: Ball
2-0: Ball
3-0: Called Strike
3-1: Called Strike
3-2: Strikes out swinging
Top of the 1st over - 0 run(s), 0 hit(s), 0 error(s), 0 left on base; Vancouver 0 - District 9 0
BOTTOM OF THE 1ST
District 9 Prawns batting - Pitching for Vancouver Vipers : RHP Martin Atkins
Pitching: RHP Martin Atkins
Batting: LHB Enrique Nalasco 0-0: Called Strike
0-1: Swinging Strike
0-2: Strikes out looking
Batting: RHB Marcos Moreno 0-0: Called Strike
0-1: Foul Ball, location: 2F
0-2: Ball
1-2: Ground out 5-3 (Groundball, 5S)
Batting: LHB Leland Hardy 0-0: Ball
1-0: Called Strike
1-1: Called Strike
1-2: Strikes out swinging
Bottom of the 1st over - 0 run(s), 0 hit(s), 0 error(s), 0 left on base; Vancouver 0 - District 9 0
TOP OF THE 2ND
Vancouver Vipers batting - Pitching for District 9 Prawns : RHP Víctor Ventura
Batting: RHB Cal Rogers 0-0: SINGLE (Groundball, 4MD)
Batting: RHB Júlio Figueroa 0-0: Ball
1-0: Ball
2-0: Ball
3-0: Base on Balls
Cal Rogers to second
Batting: RHB Marvin Workman 0-0: Called Strike
0-1: SINGLE (Groundball, 56)
Cal Rogers to third
Júlio Figueroa to second
Batting: SHB Cipriano Soto 0-0: Foul Ball, location: 2F
0-1: Called Strike
0-2: SINGLE (Line Drive, 56)
Cal Rogers scores
Júlio Figueroa to third
Marvin Workman to second
Batting: RHB Tomás Estrada 0-0: Ball
1-0: Called Strike
1-1: Called Strike
1-2: Fly out, F7 (Flyball, 7LDF)
Runner from 3rd tags up, SCORES, no throw
Batting: RHB Kenneth Corbitt 0-0: Called Strike
0-1: Called Strike
0-2: Ball
1-2: Strikes out swinging
Batting: RHB Guillermo Sánchez 0-0: Swinging Strike
0-1: Ball
1-1: Ball
2-1: Foul Ball, location: 2F
2-2: Foul Ball, location: 2F
2-2: Ball
3-2: Foul Ball, location: 2F
3-2: Strikes out swinging
Top of the 2nd over - 2 run(s), 3 hit(s), 0 error(s), 2 left on base; Vancouver 2 - District 9 0
BOTTOM OF THE 2ND
District 9 Prawns batting - Pitching for Vancouver Vipers : RHP Martin Atkins
Batting: LHB Ryan Hensley 0-0: Called Strike
0-1: Ball
1-1: Ball
2-1: Ball
3-1: Foul Ball, location: 2F
3-2: Strikes out swinging
Batting: RHB Mal Snyder 0-0: Called Strike
0-1: Foul Ball, location: 2F
0-2: Strikes out swinging
Batting: RHB Lúcio García 0-0: Fly out, F7 (Flyball, 78M)
Bottom of the 2nd over - 0 run(s), 0 hit(s), 0 error(s), 0 left on base; Vancouver 2 - District 9 0
TOP OF THE 3RD
Vancouver Vipers batting - Pitching for District 9 Prawns : RHP Víctor Ventura
Batting: LHB Cipriano Miranda 0-0: Ball
1-0: Swinging Strike
1-1: Foul Ball, location: 2F
1-2: Foul Ball, location: 2F
1-2: Foul Ball, location: 2F
1-2: Ball
2-2: Strikes out looking
Batting: RHB Dan Tyler 0-0: Ball
1-0: Ball
2-0: Ball
3-0: Base on Balls
Batting: RHB Cal Rogers 0-0: Called Strike
0-1: Ball
1-1: Ball
2-1: Ground out 3-1 (Groundball, 34S)
Dan Tyler to second
Batting: RHB Júlio Figueroa 0-0: Called Strike
0-1: Fly out, F9 (Flyball, 9LD)
Top of the 3rd over - 0 run(s), 0 hit(s), 0 error(s), 1 left on base; Vancouver 2 - District 9 0
BOTTOM OF THE 3RD
District 9 Prawns batting - Pitching for Vancouver Vipers : RHP Martin Atkins
Batting: LHB Ralph Schultz 0-0: Ball
1-0: Fly out, F8 (Line Drive, 8RM)
Batting: RHB Bill Beck 0-0: Ground out 6-3 (Groundball, 56)
Batting: RHB Manuel Cortéz 0-0: Ball
1-0: Fly out, F6 (Line Drive, 6)
Bottom of the 3rd over - 0 run(s), 0 hit(s), 0 error(s), 0 left on base; Vancouver 2 - District 9 0
TOP OF THE 4TH
Vancouver Vipers batting - Pitching for District 9 Prawns : RHP Víctor Ventura
Batting: RHB Marvin Workman 0-0: Ball
1-0: Ball
2-0: Called Strike
2-1: Ball
3-1: Base on Balls
Batting: SHB Cipriano Soto 0-0: Called Strike
0-1: Swinging Strike
0-2: Ball
1-2: Strikes out looking
Batting: RHB Tomás Estrada 0-0: Ball
1-0: Ball
2-0: Foul Ball, location: 2F
2-1: Ball
3-1: SINGLE (Line Drive, 6MD)
Marvin Workman to second
Batting: RHB Kenneth Corbitt 0-0: Ball
1-0: Called Strike
1-1: Foul Ball, location: 2F
1-2: Fly out, F8 (Flyball, 8RS)
Batting: RHB Guillermo Sánchez 0-0: Called Strike
0-1: Ball
1-1: Ball
2-1: Ball
3-1: Called Strike
3-2: Foul Ball, location: 2F
3-2: Fly out, F5 (Popup, 5SF)
Top of the 4th over - 0 run(s), 1 hit(s), 0 error(s), 2 left on base; Vancouver 2 - District 9 0
BOTTOM OF THE 4TH
District 9 Prawns batting - Pitching for Vancouver Vipers : RHP Martin Atkins
Batting: LHB Enrique Nalasco 0-0: Foul Ball, location: 2F
0-1: Fly out, F8 (Flyball, 8LS)
Batting: RHB Marcos Moreno 0-0: Ball
1-0: Called Strike
1-1: Called Strike
1-2: Ball
2-2: Strikes out swinging
Batting: LHB Leland Hardy 0-0: Ball
1-0: Called Strike
1-1: Ground out 4-3 (Groundball, 4)
Bottom of the 4th over - 0 run(s), 0 hit(s), 0 error(s), 0 left on base; Vancouver 2 - District 9 0
TOP OF THE 5TH
Vancouver Vipers batting - Pitching for District 9 Prawns : RHP Víctor Ventura
Batting: LHB Cipriano Miranda 0-0: Called Strike
0-1: Ball
1-1: SOLO HOME RUN (Flyball, 9D), Distance : 408 ft
Batting: RHB Dan Tyler 0-0: Foul Ball, location: 2F
0-1: Ball
1-1: Foul Ball, location: 2F
1-2: Ball
2-2: Fly out, F7 (Line Drive, 7M)
Batting: RHB Cal Rogers 0-0: Ball
1-0: Ground out 6-3 (Groundball, 6)
Batting: RHB Júlio Figueroa 0-0: Called Strike
0-1: Called Strike
0-2: Ball
1-2: Fly out, F7 (Flyball, 78D)
Top of the 5th over - 1 run(s), 1 hit(s), 0 error(s), 0 left on base; Vancouver 3 - District 9 0
BOTTOM OF THE 5TH
District 9 Prawns batting - Pitching for Vancouver Vipers : RHP Martin Atkins
Batting: LHB Ryan Hensley 0-0: Ball
1-0: Foul Ball, location: 2F
1-1: Ball
2-1: Called Strike
2-2: Ball
3-2: DOUBLE (Flyball, 7LS)
Batting: RHB Mal Snyder 0-0: Foul Ball, location: 2F
0-1: Ball
1-1: Ball
2-1: Foul Ball, location: 2F
2-2: 2-RUN HOME RUN (Line Drive, 89XD), Distance : 423 ft
Batting: RHB Lúcio García 0-0: Swinging Strike
0-1: Called Strike
0-2: Ball
1-2: Ground out 6-3 (Groundball, 6)
Batting: LHB Ralph Schultz 0-0: Foul Ball, location: 2F
0-1: Ball
1-1: Called Strike
1-2: TRIPLE (Flyball, 9D)
Batting: RHB Bill Beck 0-0: Ball
1-0: Foul Ball, location: 2F
1-1: Foul Ball, location: 2F
1-2: Strikes out swinging
Batting: RHB Manuel Cortéz 0-0: Ball
1-0: Ball
2-0: Ball
3-0: Base on Balls
Batting: LHB Enrique Nalasco 0-0: Foul Ball, location: 2F
Pickoff Throw to First - Out!
Bottom of the 5th over - 2 run(s), 3 hit(s), 0 error(s), 0 left on base; Vancouver 3 - District 9 2
TOP OF THE 6TH
Vancouver Vipers batting - Pitching for District 9 Prawns : RHP Víctor Ventura
Pitching: RHP Foster Giles
Batting: RHB Marvin Workman 0-0: Called Strike
0-1: Called Strike
0-2: Ground out 3-1 (Groundball, 34)
Batting: SHB Cipriano Soto 0-0: DOUBLE (Flyball, 8RXD)
Batting: RHB Tomás Estrada 0-0: Ground out 6-3 (Groundball, 6)
Batting: RHB Kenneth Corbitt 0-0: Called Strike
0-1: Foul Ball, location: 2F
0-2: Foul Ball, location: 2F
0-2: Foul Ball, location: 2F
0-2: Strikes out swinging
Top of the 6th over - 0 run(s), 1 hit(s), 0 error(s), 1 left on base; Vancouver 3 - District 9 2
BOTTOM OF THE 6TH
District 9 Prawns batting - Pitching for Vancouver Vipers : RHP Martin Atkins
Batting: LHB Enrique Nalasco 0-0: Ball
1-0: Called Strike
1-1: DOUBLE (Line Drive, 3L)
Batting: RHB Marcos Moreno 0-0: Called Strike
0-1: Ball
1-1: Ball
2-1: Swinging Strike
2-2: Foul Ball, location: 2F
2-2: Foul Ball, location: 2F
2-2: Ball
3-2: Strikes out swinging
Pitching: LHP Kai-ge Hui
Batting: LHB Leland Hardy 0-0: Ball
1-0: Ball
2-0: Called Strike
2-1: Foul Ball, location: 2F
2-2: Strikes out swinging
Pitching: RHP José Vargas
Batting: LHB Ryan Hensley 0-0: Called Strike
0-1: 2-RUN HOME RUN (Flyball, 89XD), Distance : 448 ft
Batting: RHB Mal Snyder 0-0: Ground out 2-3 (Groundball, 2R)
Bottom of the 6th over - 2 run(s), 2 hit(s), 0 error(s), 0 left on base; Vancouver 3 - District 9 4
TOP OF THE 7TH
Vancouver Vipers batting - Pitching for District 9 Prawns : RHP Foster Giles
Batting: RHB Guillermo Sánchez 0-0: Ball
1-0: Ball
2-0: Ground out 5-3 (Groundball, 5S)
Batting: LHB Cipriano Miranda 0-0: Ball
1-0: Ball
2-0: Foul Ball, location: 2F
2-1: Swinging Strike
2-2: Ball
3-2: Foul Ball, location: 2F
3-2: Base on Balls
Batting: RHB Dan Tyler 0-0: SINGLE (Groundball, 56D)
Cipriano Miranda to second
Pinch Hitting: LHB Ray Spencer 0-0: Ball
1-0: DOUBLE (Flyball, 8RM)
Cipriano Miranda scores
Dan Tyler to third
Batting: RHB Júlio Figueroa 0-0: Swinging Strike
0-1: Foul Ball, location: 2F
0-2: Ball
1-2: Fly out, F8 (Flyball, 8LS)
Pinch Hitting: SHB Henry Copeland 0-0: Ball
1-0: DOUBLE (Flyball, 78XD)
Dan Tyler scores
Ray Spencer scores
Pitching: RHP Juan Cervantes
Batting: SHB Cipriano Soto 0-0: Called Strike
0-1: Fly out, F6 (Line Drive, 56)
Top of the 7th over - 3 run(s), 3 hit(s), 0 error(s), 1 left on base; Vancouver 6 - District 9 4
BOTTOM OF THE 7TH
District 9 Prawns batting - Pitching for Vancouver Vipers : RHP José Vargas
Now at 2B: Enrique Flores
Now in LF: Ray Spencer
Batting: RHB Lúcio García 0-0: Ball
1-0: DOUBLE (Flyball, 89D)
Batting: LHB Ralph Schultz 0-0: SINGLE (Line Drive, 9S)
Lúcio García to third
Pinch Hitting: LHB Brian Roy 0-0: Ball
1-0: Called Strike
1-1: Ball
2-1: Ball
3-1: Called Strike
3-2: DOUBLE (Line Drive, 9LM)
Lúcio García scores
Ralph Schultz to third
Pinch Hitting: SHB Tommy Bourassa 0-0: Fly out, F7 (Flyball, 78D)
Runner from 3rd tags up, SCORES, no throw
Batting: LHB Enrique Nalasco 0-0: Intentional Walk
Pitching: RHP Álex Villegas
Batting: RHB Marcos Moreno 0-0: Ball
1-0: Swinging Strike
1-1: Ball
2-1: Swinging Strike
2-2: Strikes out looking
Batting: LHB Leland Hardy 0-0: Called Strike
0-1: Foul Ball, location: 2F
0-2: Strikes out swinging
Bottom of the 7th over - 2 run(s), 3 hit(s), 0 error(s), 2 left on base; Vancouver 6 - District 9 6
TOP OF THE 8TH
Vancouver Vipers batting - Pitching for District 9 Prawns : RHP Juan Cervantes
Now at 3B: Tony Guzmán
Now at SS: Manuel Torres
Batting: RHB Tomás Estrada 0-0: Ball
1-0: Ball
2-0: Ball
3-0: Base on Balls
Pinch Hitting: RHB Mario López 0-0: Ball
1-0: Ball
2-0: Bunted foul
2-1: Bunted foul
2-2: Ball
3-2: SINGLE (Groundball, 6MD)
Tomás Estrada to second
Runner from 2nd tries for 3rd, SAFE, no throw or cutoff
Batting: RHB Guillermo Sánchez 0-0: Ball
1-0: Ball
2-0: Called Strike
2-1: SINGLE (Line Drive, 7LM)
Tomás Estrada scores
Mario López to second
Batting: LHB Cipriano Miranda 0-0: Ball
1-0: Ball
2-0: Ball
3-0: Base on Balls
Mario López to third
Guillermo Sánchez to second
Batting: RHB Dan Tyler 0-0: Ball
1-0: Ball
Passed Ball!
Mario López scores
Guillermo Sánchez to third
Cipriano Miranda to second
2-0: Ball
3-0: Called Strike
3-1: Foul Ball, location: 2F
3-2: Ground out 6-3 (Groundball, 6)
Pitching: RHP César Rúbio
Batting: LHB Ray Spencer 0-0: Foul Ball, location: 2F
0-1: Called Strike
0-2: Foul Ball, location: 2F
0-2: Strikes out swinging
Batting: RHB Júlio Figueroa 0-0: Ball
1-0: Ball
2-0: Swinging Strike
2-1: Foul Ball, location: 2F
2-2: Ball
3-2: Strikes out swinging
Top of the 8th over - 2 run(s), 2 hit(s), 0 error(s), 2 left on base; Vancouver 8 - District 9 6
BOTTOM OF THE 8TH
District 9 Prawns batting - Pitching for Vancouver Vipers : RHP Álex Villegas
Now at SS: Mario López
Batting: LHB Ryan Hensley 0-0: SINGLE (Flyball, 8LS)
Batting: RHB Mal Snyder 0-0: Ball
1-0: Ball
2-0: Ball
3-0: Called Strike
3-1: Base on Balls
Ryan Hensley to second
Pinch Runner at 2nd Erik Thomas:
Batting: RHB Lúcio García 0-0: Bunted foul
0-1: Bunt missed!
0-2: Ball
1-2: Foul Ball, location: 2F
1-2: Ball
2-2: Strikes out looking
Pitching: LHP Theron Lilly
Batting: LHB Ralph Schultz 0-0: Ball
1-0: Ball
2-0: Ball
3-0: Called Strike
3-1: Foul Ball, location: 2F
3-2: Foul Ball, location: 2F
3-2: Strikes out swinging
Pitching: RHP Jeffrey Campbell
Pinch Hitting: LHB Scott MacDonald 0-0: Ball
1-0: Fly out, F7 (Line Drive, 78M)
Bottom of the 8th over - 0 run(s), 1 hit(s), 0 error(s), 2 left on base; Vancouver 8 - District 9 6
TOP OF THE 9TH
Vancouver Vipers batting - Pitching for District 9 Prawns : RHP César Rúbio
Now at 2B: Erik Thomas
Now at 3B: Mark Pope
Batting: RHB Enrique Flores 0-0: Ball
1-0: Called Strike
1-1: Foul Ball, location: 2F
1-2: Ball
2-2: Ground out 5-3 (Groundball, 56S)
Batting: SHB Cipriano Soto 0-0: Ground out U3 (Groundball, 3)
Batting: RHB Tomás Estrada 0-0: Fly out, F8 (Line Drive, 8LS)
Top of the 9th over - 0 run(s), 0 hit(s), 0 error(s), 0 left on base; Vancouver 8 - District 9 6
BOTTOM OF THE 9TH
District 9 Prawns batting - Pitching for Vancouver Vipers : RHP Jeffrey Campbell
Pitching: RHP José García
Now in RF: Malcolm Thomas
Batting: RHB Manuel Torres 0-0: Ball
1-0: Ball
2-0: Called Strike
2-1: Ball
3-1: Called Strike
3-2: Strikes out swinging
Batting: LHB Enrique Nalasco 0-0: SINGLE (Line Drive, 6MD)
Batting: RHB Marcos Moreno 0-0: Called Strike
0-1: Ball
1-1: SINGLE (Flyball, 9LM)
Enrique Nalasco to second
Runner from 2nd tries for 3rd, SAFE, no throw or cutoff
Batting: LHB Leland Hardy 0-0: Ball
1-0: Fly out, F6 (Line Drive, 6M)
Pinch Hitting: RHB Lateef Makini 0-0: Fly out, F7 (Flyball, 7D)
Bottom of the 9th over - 0 run(s), 2 hit(s), 0 error(s), 2 left on base; Vancouver 8 - District 9 6
This league is powered by Out of the Park Baseball, the baseball management simulation game for PC, Mac and Linux
Wednesday, December 2nd, 2015 - OOTP Baseball 16.8 Build 38